[Event "Queens Festival Final Team 2022"]
[Site "Tornelo"]
[Date "2022.06.26"]
[Round "10.3"]
[White "Alboredo, Julia"]
[Black "Shriyan santosh Priyasha"]
[Result "1-0"]
[ECO "B06"]
[WhiteElo "2252"]
[BlackElo "1597"]
[Annotator "TA"]
[PlyCount "49"]
[EventDate "2022.06.24"]
[EventType "team-tourn"]
[EventCountry "NET"]
[SourceTitle "playchess.com"]
[Source "ChessBase"]
[SourceQuality "1"]
[WhiteTeam "Brazil"]
[BlackTeam "MAW"]
[WhiteTeamCountry "BRA"]
[TimeControl "180+2"]

1. e4 g6 2. d4 Bg7 3. Nc3 d6 4. f3 Nd7 5. Be3 a6 6. Qd2 b5 7. g4 Bb7 8. h4 {[%emt 0:00:02] B06: Modern Defence.} Rc8 9. O-O-O {[%emt 0:00:04] White is more active.} c5 10. h5 (10. Kb1 $14 {feels stronger.}) 10... b4 (10... g5 $1 $11 {remains equal.}) 11. Nce2 $1 $16 Qa5 12. Kb1 c4 (12... Nb6 $16) 13. h6 $36 {[%emt 0:00:03][%mdl 2048] Black is under strong pressure.} Bf8 {[%emt 0:00:11] [#]} 14. Nc1 $146 (14. d5 $18) ({Predecessor:} 14. c3 bxc3 15. Nxc3 e6 16. d5 e5 17. g5 Nb6 18. Bh3 Rb8 19. f4 f6 20. Nf3 {1-0 (46) Burrows,M (2186)-Harley Yeo,G (2053) Uxbridge 2010}) 14... c3 (14... d5 $142 $1) 15. Qf2 {[%emt 0:00:05] aiming for Nb3.} cxb2 {[%emt 0:00:08] [#]} (15... d5 $1 $11) 16. Nb3 $1 Qa3 {[%emt 0:00:20] [#] Black cannot hold the game after this.} (16... Qc7 $16) 17. d5 $1 $18 {[%emt 0:00:06] And now Bd4 would win.} a5 18. Bd4 f6 $2 (18... a4 19. Bxb2 (19. Bxh8 $2 {perishes.} axb3 20. Bxb2 Qxa2+ 21. Kc1 Bxh6+ 22. Rxh6 bxc2 $19) 19... axb3 20. cxb3 (20. axb3 Qa5 $16) 20... Qa8) 19. Bb5 Rc3 20. Bxc3 bxc3 21. Qa7 Bc8 22. Qc7 a4 23. Qxc8+ {[%emt 0:00:02] White mates.} Kf7 24. Bxd7 g5 25. Qe8# {[%emt 0:00:04] Weighted Error Value: White=0.31/Black=1.14} 1-0

[Event "Queens Festival Final Team 2022"]
[Site "Tornelo"]
[Date "2022.06.26"]
[Round "10.3"]
[White "Bucci, Andrea Vidigal"]
[Black "Nkhoma, Desiderata"]
[Result "1-0"]
[ECO "B72"]
[WhiteElo "1769"]
[BlackElo "1465"]
[Annotator "NA"]
[PlyCount "73"]
[EventDate "2022.06.24"]
[EventType "team-tourn"]
[EventCountry "NET"]
[SourceTitle "playchess.com"]
[Source "ChessBase"]
[SourceQuality "1"]
[WhiteTeam "Brazil"]
[BlackTeam "MAW"]
[WhiteTeamCountry "BRA"]
[TimeControl "180+2"]

1. e4 c5 2. Nf3 d6 3. d4 cxd4 4. Nxd4 Nf6 5. Nc3 g6 6. Be3 Bg7 7. Qd2 O-O 8. Bc4 Nc6 9. O-O Nxd4 10. Bxd4 e5 11. Be3 b6 12. Rad1 Bb7 13. f3 Rc8 14. Bb3 Re8 15. Qxd6 Qxd6 16. Rxd6 Rcd8 17. Rfd1 Rxd6 18. Rxd6 Bf8 19. Rd1 Bc6 20. Nd5 Nd7 21. Nb4 Nc5 22. Nxc6 Nxb3 23. axb3 Rc8 24. Nxe5 Rxc2 25. Rd2 Rc1+ 26. Kf2 Bb4 27. Re2 Kg7 28. Bxc1 Bc5+ 29. Be3 Bxe3+ 30. Kxe3 Kf6 31. Nc6 a6 32. e5+ Ke6 33. f4 b5 34. g4 h6 35. Ke4 h5 36. Rd2 hxg4 37. Rd6# 1-0

[Event "Queens Festival Final Team 2022"]
[Site "Tornelo"]
[Date "2022.06.26"]
[Round "10.3"]
[White "Banda Tapiwa"]
[Black "Gomes, Maria Eduarda Papini"]
[Result "0-1"]
[ECO "B01"]
[WhiteElo "1213"]
[BlackElo "1618"]
[Annotator "NA RC"]
[PlyCount "48"]
[EventDate "2022.06.24"]
[EventType "team-tourn"]
[EventCountry "NET"]
[SourceTitle "playchess.com"]
[Source "ChessBase"]
[SourceQuality "1"]
[WhiteTeam "MAW"]
[BlackTeam "Brazil"]
[BlackTeamCountry "BRA"]
[TimeControl "180+2"]

1. e4 d5 2. f3 dxe4 3. fxe4 Nc6 4. d3 Nf6 5. Nf3 Bg4 6. Be2 e6 7. O-O Bc5+ 8. Kh1 Bh5 9. c3 e5 10. Bg5 h6 11. Bxf6 Qxf6 12. b4 Bb6 13. Na3 a6 14. Nc4 Qe7 15. a4 Ba7 16. b5 axb5 17. axb5 Bxf3 18. Rxf3 Nd8 19. Qf1 O-O 20. Bd1 f6 21. Bb3 Nf7 22. Qf2 Bxf2 23. Rxa8 Rxa8 24. Rxf2 Ra1+ 0-1

[Event "Queens Festival Final Team 2022"]
[Site "Tornelo"]
[Date "2022.06.26"]
[Round "10.4"]
[White "Perez Rodriguez, Jennifer"]
[Black "Marape, Naledi"]
[Result "1-0"]
[ECO "B07"]
[WhiteElo "2251"]
[BlackElo "1707"]
[Annotator "RC"]
[PlyCount "67"]
[EventDate "2022.06.24"]
[EventType "team-tourn"]
[EventCountry "NET"]
[SourceTitle "playchess.com"]
[Source "ChessBase"]
[SourceQuality "1"]
[WhiteTeam "Paraguay"]
[BlackTeam "Botswana"]
[WhiteTeamCountry "PAR"]
[BlackTeamCountry "BOT"]
[TimeControl "180+2"]

1. e4 c5 2. c3 d6 3. d4 cxd4 4. cxd4 Nf6 5. Nc3 g6 6. Nf3 Bg7 7. h3 O-O 8. Bd3 a6 9. a4 Nc6 10. O-O Bd7 11. Be3 Rc8 12. d5 Ne5 13. Nxe5 dxe5 14. a5 Nh5 15. Qb3 Rb8 16. Rfc1 Nf4 17. Bf1 e6 18. d6 Qg5 19. Kh1 Qh5 20. Qd1 Qxd1 21. Rxd1 f5 22. f3 Rfc8 23. Rac1 g5 24. Ba7 Ra8 25. Bb6 Nh5 26. Kg1 h6 27. b4 Nf6 28. Bc5 Nh5 29. Bc4 Kh7 30. Bb3 Nf4 31. Kf2 Rab8 32. Na4 Rf8 33. Nb6 Bc6 34. d7 1-0

[Event "Queens Festival Final Team 2022"]
[Site "Tornelo"]
[Date "2022.06.26"]
[Round "10.4"]
[White "Perez, Dalila"]
[Black "Francis, Onkemetse"]
[Result "1-0"]
[ECO "E09"]
[WhiteElo "1799"]
[BlackElo "1777"]
[Annotator "NA RC"]
[PlyCount "67"]
[EventDate "2022.06.24"]
[EventType "team-tourn"]
[EventCountry "NET"]
[SourceTitle "playchess.com"]
[Source "ChessBase"]
[SourceQuality "1"]
[WhiteTeam "Paraguay"]
[BlackTeam "Botswana"]
[WhiteTeamCountry "PAR"]
[BlackTeamCountry "BOT"]
[TimeControl "180+2"]

1. d4 d5 2. Nf3 Nf6 3. c4 e6 4. g3 Be7 5. Bg2 O-O 6. O-O Nbd7 7. Nbd2 c6 8. Qc2 b6 9. e4 dxe4 10. Nxe4 Bb7 11. Rd1 Qc8 12. c5 Rd8 13. Nxf6+ Nxf6 14. Bf4 Nd5 15. Bg5 Nf6 16. Rac1 h6 17. Bxf6 Bxf6 18. Ne5 Bxe5 19. dxe5 Rxd1+ 20. Rxd1 bxc5 21. Qxc5 Qc7 22. Rd6 Rd8 23. h4 a5 24. Qa7 Ra8 25. Qc5 Rd8 26. Qd4 Rc8 27. Rd7 Qb8 28. Qb6 Ba8 29. Qxa5 Qxb2 30. Qa7 Rf8 31. a4 Qxe5 32. Rc7 Qe1+ 33. Kh2 Qxf2 34. Qxf2 1-0

[Event "Queens Festival Final Team 2022"]
[Site "Tornelo"]
[Date "2022.06.26"]
[Round "10.4"]
[White "Banda Natalie Katlo"]
[Black "Mayeregger Gonzalez, Renata"]
[Result "1-0"]
[ECO "A43"]
[WhiteElo "1629"]
[BlackElo "1461"]
[Annotator "NA RC"]
[PlyCount "77"]
[EventDate "2022.06.24"]
[EventType "team-tourn"]
[EventCountry "NET"]
[SourceTitle "playchess.com"]
[Source "ChessBase"]
[SourceQuality "1"]
[WhiteTeam "Botswana"]
[BlackTeam "Paraguay"]
[WhiteTeamCountry "BOT"]
[BlackTeamCountry "PAR"]
[TimeControl "180+2"]

1. d4 c5 2. d5 d6 3. c4 e6 4. dxe6 fxe6 5. e3 Nf6 6. Nc3 Nc6 7. b3 Be7 8. Nf3 O-O 9. Bd3 d5 10. cxd5 Nxd5 11. Nxd5 Qxd5 12. Bc4 Qxd1+ 13. Kxd1 Bf6 14. Rb1 a6 15. Bb2 b5 16. Bxf6 gxf6 17. Be2 e5 18. Rb2 Bf5 19. Kc1 Nb4 20. a3 Nd5 21. Rd2 Nc3 22. Kb2 Ne4 23. Rd5 Nxf2 24. Rf1 Ng4 25. Nh4 Nxe3 26. Nxf5 Nxd5 27. Bf3 Nf4 28. Bxa8 Rxa8 29. g3 Nd5 30. Rd1 Nb6 31. Ne7+ Kf7 32. Nf5 Re8 33. Nd6+ Ke7 34. Nxe8 Kxe8 35. Rd6 Nd7 36. Rxa6 f5 37. Kc2 e4 38. Ra5 Ke7 39. Rxb5 1-0

[Event "Queens Festival Final Team 2022"]
[Site "Tornelo"]
[Date "2022.06.26"]
[Round "10.4"]
[White "Moshoboro Arona"]
[Black "Mayeregger Gonzalez, Fiorella"]
[Result "1/2-1/2"]
[ECO "D05"]
[WhiteElo "1555"]
[BlackElo "1284"]
[Annotator "NA RC"]
[PlyCount "99"]
[EventDate "2022.06.24"]
[EventType "team-tourn"]
[EventCountry "NET"]
[SourceTitle "playchess.com"]
[Source "ChessBase"]
[SourceQuality "1"]
[WhiteTeam "Botswana"]
[BlackTeam "Paraguay"]
[WhiteTeamCountry "BOT"]
[BlackTeamCountry "PAR"]
[TimeControl "180+2"]

1. d4 d5 2. Nf3 Nf6 3. e3 e6 4. Nbd2 c5 5. b3 Nc6 6. a3 Be7 7. Bd3 O-O 8. Bb2 b6 9. O-O Bb7 10. Ne5 Rc8 11. f4 cxd4 12. exd4 Qc7 13. Rf3 Nh5 14. Qe2 g6 15. Raf1 f6 16. Ng4 Qd6 17. Ne3 f5 18. Nd1 Nf6 19. Nc3 Ne4 20. Nb5 Qb8 21. b4 a6 22. Nc3 b5 23. Rh3 Kg7 24. Kh1 Nxd4 25. Ncxe4 dxe4 26. Bxd4+ Kg8 27. Bxe4 fxe4 28. Nxe4 Bxe4 29. Qxe4 Rc4 30. Qxe6+ Rf7 31. Rhf3 Rxd4 32. R3f2 Rd6 33. Qb3 Kg7 34. Qc3+ Bf6 35. Qb3 Rfd7 36. g3 Qb7+ 37. Kg1 Rd2 38. Qe3 Bd4 39. Qe8 Bxf2+ 40. Rxf2 Rd1+ 41. Rf1 Qb6+ 42. Kg2 Rxf1 43. Kxf1 Rd1+ 44. Kg2 Qb7+ 45. Kh3 Qh1 46. Qe7+ Kh6 47. Qg5+ Kg7 48. Qe7+ Kg8 49. Qe8+ Kg7 50. Qe7+ 1/2-1/2

[Event "Queens Festival Final Team 2022"]
[Site "Tornelo"]
[Date "2022.06.26"]
[Round "10.5"]
[White "Song, Yuxin"]
[Black "Shah, Riya"]
[Result "1-0"]
[ECO "C61"]
[WhiteElo "2317"]
[BlackElo "1559"]
[Annotator "TA"]
[PlyCount "65"]
[EventDate "2022.06.24"]
[EventType "team-tourn"]
[EventCountry "NET"]
[SourceTitle "playchess.com"]
[Source "ChessBase"]
[SourceQuality "1"]
[WhiteTeam "China"]
[BlackTeam "Kenya"]
[WhiteTeamCountry "CHN"]
[BlackTeamCountry "KEN"]
[TimeControl "180+2"]

1. e4 e5 2. Nf3 Nc6 3. Bb5 Nd4 4. Nxd4 exd4 5. O-O Qg5 ({Black should try} 5... Bc5 $14) 6. Be2 {[%emt 0:00:05] C61: Ruy Lopez: Bird's Defence.} (6. Ba4 $16) 6... d6 {[%emt 0:00:03] [#]} (6... Bc5 $14) 7. f4 $146 ({Predecessor:} 7. d3 Qf6 8. Bg4 Be6 9. Bxe6 fxe6 10. Qh5+ Qf7 11. Qb5+ c6 12. Qc4 e5 13. Qxf7+ Kxf7 {1-0 (67) Zheng,W (1539)-Jago,S (1589) London 2015}) 7... Qd8 8. c3 {[%emt 0:00:03] White is slightly better.} dxc3 9. Nxc3 ({Don't do} 9. dxc3 Nf6 $14) 9... Nf6 10. d4 Be7 11. e5 dxe5 12. fxe5 Nd5 13. Bc4 Be6 {[%emt 0:00:04] And now ...Nxc3 would win.} 14. Qb3 $36 {[%emt 0:00:23][%csl LRb7,LRd5][%mdl 2048] White has good play.} Nb6 {[%emt 0:00:37] [#]} (14... Nxc3 $14 15. bxc3 Bxc4 16. Qxc4 O-O) 15. Bxe6 (15. d5 $1 $16 O-O 16. Be3 (16. dxe6 Qd4+ 17. Kh1 Qxc4 $11) 16... Nxc4 17. Qxc4) 15... fxe6 (15... Qxd4+ $11 16. Be3 (16. Kh1 fxe6 17. Qxe6 Qc4 $11) 16... Qxe3+ 17. Kh1 fxe6 18. Qxe6 Rd8 19. Qf7+ Kd7 20. Rad1+ Kc8 21. Qxe7 Rde8 22. Qxg7 Qxe5 23. Qxe5 Rxe5) 16. Qxe6 {[%emt 0:00:08] White is more active.} (16. Be3 $16 Qd7 17. a4) 16... Qxd4+ $11 17. Kh1 {[%emt 0:00:01] Hoping for Bg5.} Rf8 $4 {[%emt 0:00:05][%mdl 8192] A mistake that costs the game.} (17... Qc4 $11 18. Qxc4 (18. Qf5 g6 $15) 18... Nxc4) 18. Bg5 $18 Qd7 19. Rxf8+ {[%emt 0:00:02] White mates.} Kxf8 20. Rf1+ Bf6 21. Rxf6+ gxf6 22. Bh6+ Qg7 23. Qxf6+ {[%emt 0:00:02][%mdl 64] [#] Pin, Double Attack} Ke8 24. Bxg7 Kd7 25. e6+ Kc6 26. e7+ Kc5 27. Qe5+ Kc6 28. Qe6+ Kc5 29. Ne4+ Kb5 30. e8=Q+ Rxe8 31. Qxe8+ Ka6 32. Nc5+ Ka5 33. Bc3# {[%emt 0:00:02] Weighted Error Value: White=0.23 (precise) /Black=0.38} 1-0

[Event "Queens Festival Final Team 2022"]
[Site "Tornelo"]
[Date "2022.06.26"]
[Round "10.5"]
[White "Cui, Wen"]
[Black "Kosgey Sheila Jerop"]
[Result "1-0"]
[ECO "B06"]
[WhiteElo "1718"]
[BlackElo "1242"]
[Annotator "NA RC"]
[PlyCount "63"]
[EventDate "2022.06.24"]
[EventType "team-tourn"]
[EventCountry "NET"]
[SourceTitle "playchess.com"]
[Source "ChessBase"]
[SourceQuality "1"]
[WhiteTeam "China"]
[BlackTeam "Kenya"]
[WhiteTeamCountry "CHN"]
[BlackTeamCountry "KEN"]
[TimeControl "180+2"]

1. e4 e5 2. Nf3 Nf6 3. Nc3 d6 4. d4 Nbd7 5. Be2 g6 6. O-O Bg7 7. Re1 O-O 8. Bf1 Re8 9. h3 exd4 10. Nxd4 Nc5 11. Bd3 Qe7 12. Bg5 h6 13. Bxf6 Qxf6 14. Nf3 Ne6 15. Nd5 Qd8 16. c3 c6 17. Ne3 Qb6 18. Nc4 Qd8 19. Bc2 Nc5 20. Qxd6 b6 21. Qxd8 Rxd8 22. Rad1 Be6 23. Nce5 Bxa2 24. Nxc6 Rxd1 25. Rxd1 Bb3 26. Bxb3 Nxb3 27. Nfd4 Nxd4 28. cxd4 Rc8 29. Ne7+ Kf8 30. Nxc8 Bf6 31. Nxa7 Kg7 32. e5 1-0

[Event "Queens Festival Final Team 2022"]
[Site "Tornelo"]
[Date "2022.06.26"]
[Round "10.5"]
[White "Mwendwa, Triza"]
[Black "Hong, Xing"]
[Result "0-1"]
[ECO "A56"]
[WhiteElo "1470"]
[BlackElo "1999"]
[Annotator "NA RC"]
[PlyCount "62"]
[EventDate "2022.06.24"]
[EventType "team-tourn"]
[EventCountry "NET"]
[SourceTitle "playchess.com"]
[Source "ChessBase"]
[SourceQuality "1"]
[WhiteTeam "Kenya"]
[BlackTeam "China"]
[WhiteTeamCountry "KEN"]
[BlackTeamCountry "CHN"]
[TimeControl "180+2"]

1. d4 Nf6 2. Bf4 c5 3. d5 d6 4. c4 g6 5. Nc3 Bg7 6. e4 O-O 7. e5 Nh5 8. g3 Nxf4 9. gxf4 dxe5 10. fxe5 Bxe5 11. Qe2 Bg7 12. h4 h5 13. Nf3 Bg4 14. Qe3 Nd7 15. Rb1 Qa5 16. Be2 Bxf3 17. Qxf3 Ne5 18. Qe3 Qb4 19. a3 Qb3 20. Qxc5 Rac8 21. Qxa7 Nxc4 22. Bxc4 Bxc3+ 23. bxc3 Qxb1+ 24. Ke2 Qxh1 25. Qd4 Rfd8 26. Bb3 Qh3 27. Qe4 Qxc3 28. Bc2 Qxc2+ 29. Kf3 Rc3+ 30. Kf4 Qxf2+ 31. Ke5 Re3 0-1

[Event "Queens Festival Final Team 2022"]
[Site "Tornelo"]
[Date "2022.06.26"]
[Round "10.5"]
[White "Muthoni, Vivian"]
[Black "Jiang, Tianyu"]
[Result "0-1"]
[ECO "B40"]
[WhiteElo "1128"]
[BlackElo "1502"]
[Annotator "NA RC"]
[PlyCount "64"]
[EventDate "2022.06.24"]
[EventType "team-tourn"]
[EventCountry "NET"]
[SourceTitle "playchess.com"]
[Source "ChessBase"]
[SourceQuality "1"]
[WhiteTeam "Kenya"]
[BlackTeam "China"]
[WhiteTeamCountry "KEN"]
[BlackTeamCountry "CHN"]
[TimeControl "180+2"]

1. e4 c5 2. Nf3 e6 3. Bc4 a6 4. a3 b5 5. Ba2 Bb7 6. d3 Nc6 7. O-O d6 8. Nc3 Nf6 9. Bg5 Be7 10. Qe2 O-O 11. h3 h6 12. Bxf6 Bxf6 13. Qd2 Qd7 14. Qf4 b4 15. axb4 cxb4 16. Na4 Rab8 17. Nb6 Qd8 18. Nc4 d5 19. exd5 exd5 20. Nd6 Bxb2 21. Rab1 Bc3 22. Nh4 Be5 23. Nxb7 Rxb7 24. Qg4 Nd4 25. Rbe1 f5 26. Qg6 Bb8 27. Nxf5 Nxf5 28. Qe6+ Kh8 29. Bxd5 Re7 30. Qc6 Rxe1 31. Rxe1 Ne7 32. Qe6 Nxd5 0-1

[Event "Queens Festival Final Team 2022"]
[Site "Tornelo"]
[Date "2022.06.26"]
[Round "10.6"]
[White "Shohradowa, Lala"]
[Black "Masoumi, Sahar"]
[Result "0-1"]
[ECO "E62"]
[WhiteElo "1856"]
[BlackElo "2004"]
[Annotator "NA RC"]
[PlyCount "138"]
[EventDate "2022.06.24"]
[EventType "team-tourn"]
[EventCountry "NET"]
[SourceTitle "playchess.com"]
[Source "ChessBase"]
[SourceQuality "1"]
[WhiteTeam "Turkmenistan"]
[BlackTeam "Iran"]
[WhiteTeamCountry "TKM"]
[BlackTeamCountry "IRI"]
[TimeControl "180+2"]

1. d4 Nf6 2. c4 g6 3. g3 Bg7 4. Bg2 d6 5. Nc3 O-O 6. Nf3 Nc6 7. O-O Bf5 8. a3 Ne4 9. Nh4 Nxc3 10. bxc3 Bd7 11. Rb1 Na5 12. Nf3 Nxc4 13. Nd2 Nxd2 14. Bxd2 Bc6 15. d5 Bd7 16. Rxb7 a6 17. Qb3 Qc8 18. Rb1 Bb5 19. Rxb5 axb5 20. Qxb5 Rxa3 21. Qc6 Qa6 22. Qxc7 Qxe2 23. Be1 Qc2 24. Qb7 Ra2 25. Qb3 Qxb3 26. Rxb3 Ra1 27. Kf1 Rc8 28. Ke2 Bf6 29. Bd2 Ra2 30. Kd3 Ra1 31. Bh3 Rca8 32. Bd7 Kg7 33. Bc6 R8a3 34. Rb8 Rh1 35. h4 Rh2 36. f3 Ra2 37. Be3 Rac2 38. Rb3 Ra2 39. Bb5 Rhb2 40. Rxb2 Rxb2 41. Bc6 Rg2 42. Bf4 h6 43. Bd7 g5 44. hxg5 hxg5 45. Be3 Rxg3 46. Bg4 Rg2 47. c4 Ra2 48. c5 Ra3+ 49. Ke4 dxc5 50. Bxc5 Ra4+ 51. Kd3 Ra5 52. Kc4 Kg6 53. Bd7 Be5 54. Be8 Bd6 55. Bb6 Ra1 56. Kb5 Rf1 57. Kc6 Rxf3 58. Bd7 Rc3+ 59. Kb7 Rc4 60. Bb5 Rb4 61. Kc6 g4 62. Bd3+ f5 63. Ba5 Ra4 64. Be1 g3 65. Bxg3 Bxg3 66. Kd7 Bd6 67. Ke6 Rf4 68. Bc2 Kg5 69. Bd3 Re4+ 0-1

[Event "Queens Festival Final Team 2022"]
[Site "Tornelo"]
[Date "2022.06.26"]
[Round "10.6"]
[White "Davari, Sara"]
[Black "Agajanova, Meryem"]
[Result "1-0"]
[ECO "C01"]
[WhiteElo "1674"]
[BlackElo "1783"]
[Annotator "NA RC"]
[PlyCount "71"]
[EventDate "2022.06.24"]
[EventType "team-tourn"]
[EventCountry "NET"]
[SourceTitle "playchess.com"]
[Source "ChessBase"]
[SourceQuality "1"]
[WhiteTeam "Iran"]
[BlackTeam "Turkmenistan"]
[WhiteTeamCountry "IRI"]
[BlackTeamCountry "TKM"]
[TimeControl "180+2"]

1. e4 e6 2. d4 d5 3. Nc3 Bb4 4. exd5 exd5 5. Bd3 Nf6 6. Nge2 O-O 7. O-O c6 8. Bg5 Bg4 9. Re1 Nbd7 10. Qd2 Re8 11. a3 Bxe2 12. Rxe2 Rxe2 13. Qxe2 Bd6 14. Qf3 Qc7 15. h3 Re8 16. Bf5 h6 17. Bh4 Qb6 18. Bxd7 Nxd7 19. Qg4 Qxb2 20. Rf1 Nf8 21. Ne2 Qxc2 22. Ng3 Ng6 23. Nf5 Bf8 24. Bg3 Qe4 25. f4 Qd3 26. h4 Kh8 27. h5 Ne7 28. Nd6 Qxd4+ 29. Bf2 Qd3 30. Nxe8 Nf5 31. Re1 Qc2 32. Nc7 Nd6 33. Ne8 Ne4 34. Qe2 Qb3 35. Qf3 Qb6 36. Bxb6 1-0

[Event "Queens Festival Final Team 2022"]
[Site "Tornelo"]
[Date "2022.06.26"]
[Round "10.6"]
[White "khezrian, Neda"]
[Black "Ovezdurdiyeva, Jemal"]
[Result "0-1"]
[ECO "E61"]
[WhiteElo "1056"]
[BlackElo "2061"]
[Annotator "NA RC"]
[PlyCount "66"]
[EventDate "2022.06.24"]
[EventType "team-tourn"]
[EventCountry "NET"]
[SourceTitle "playchess.com"]
[Source "ChessBase"]
[SourceQuality "1"]
[WhiteTeam "Iran"]
[BlackTeam "Turkmenistan"]
[WhiteTeamCountry "IRI"]
[BlackTeamCountry "TKM"]
[TimeControl "180+2"]

1. d4 Nf6 2. Bf4 g6 3. c4 Bg7 4. Nc3 d6 5. Nf3 O-O 6. e3 Nbd7 7. Be2 b6 8. O-O Bb7 9. Bg3 Ne4 10. Nxe4 Bxe4 11. d5 Bxb2 12. Rb1 Bxb1 13. Qxb1 Bg7 14. Re1 Qc8 15. e4 c5 16. Qc1 a6 17. Bf4 Qb7 18. Bh6 b5 19. Bxg7 Kxg7 20. Bd3 bxc4 21. Bxc4 Qb4 22. e5 dxe5 23. Nxe5 Nxe5 24. Rxe5 Ra7 25. h3 a5 26. Re1 Rb7 27. Rd1 Qb2 28. Qxb2+ Rxb2 29. Re1 Re8 30. Rc1 Kf6 31. Bb3 Rc8 32. Bc4 a4 33. Re1 Rc2 0-1

[Event "Queens Festival Final Team 2022"]
[Site "Tornelo"]
[Date "2022.06.26"]
[Round "11.1"]
[White "Ovezdurdiyeva, Jemal"]
[Black "Subramanian, Anusha"]
[Result "1-0"]
[ECO "D12"]
[WhiteElo "2061"]
[BlackElo "1671"]
[Annotator "NA RC"]
[PlyCount "59"]
[EventDate "2022.06.24"]
[EventType "team-tourn"]
[EventCountry "NET"]
[SourceTitle "playchess.com"]
[Source "ChessBase"]
[SourceQuality "1"]
[WhiteTeam "Turkmenistan"]
[BlackTeam "England"]
[WhiteTeamCountry "TKM"]
[BlackTeamCountry "ENG"]
[TimeControl "180+2"]

1. d4 d5 2. c4 c6 3. Nc3 Nf6 4. e3 Bf5 5. Nf3 e6 6. h3 dxc4 7. Bxc4 b5 8. Bd3 Bxd3 9. Qxd3 Bb4 10. O-O O-O 11. a3 Bxc3 12. bxc3 Qb6 13. e4 Nbd7 14. e5 Nd5 15. Ng5 g6 16. Ne4 a5 17. Bh6 Rfc8 18. Qf3 Qd8 19. Nd6 Qe7 20. Nxc8 Rxc8 21. Rfc1 c5 22. c4 N5b6 23. cxb5 cxd4 24. Rxc8+ Nxc8 25. Qb7 Ncb6 26. Rc1 Qxa3 27. Rc6 Qa1+ 28. Kh2 Qa3 29. Rxb6 Qe7 30. Rd6 1-0

[Event "Queens Festival Final Team 2022"]
[Site "Tornelo"]
[Date "2022.06.26"]
[Round "11.1"]
[White "Grigoryan, Meri"]
[Black "Shohradowa, Lala"]
[Result "0-1"]
[ECO "E90"]
[WhiteElo "1993"]
[BlackElo "1856"]
[Annotator "NA RC"]
[PlyCount "54"]
[EventDate "2022.06.24"]
[EventType "team-tourn"]
[EventCountry "NET"]
[SourceTitle "playchess.com"]
[Source "ChessBase"]
[SourceQuality "1"]
[WhiteTeam "England"]
[BlackTeam "Turkmenistan"]
[WhiteTeamCountry "ENG"]
[BlackTeamCountry "TKM"]
[TimeControl "180+2"]

1. d4 Nf6 2. c4 c5 3. Nc3 g6 4. d5 Bg7 5. Nf3 O-O 6. e4 d6 7. h3 a6 8. g4 Bd7 9. Nh4 b5 10. Bd3 bxc4 11. Bxc4 Bb5 12. Bxb5 axb5 13. f3 b4 14. Ne2 Nbd7 15. g5 Nh5 16. f4 f6 17. O-O fxg5 18. fxg5 Rxf1+ 19. Qxf1 Ne5 20. Nf4 Nxf4 21. Bxf4 Qd7 22. Qg2 Rf8 23. Rf1 Nd3 24. Bc1 Rxf1+ 25. Qxf1 Nxc1 26. Qxc1 Qxh3 27. Ng2 Bd4+ 0-1

[Event "Queens Festival Final Team 2022"]
[Site "Tornelo"]
[Date "2022.06.26"]
[Round "11.1"]
[White "Agajanova, Meryem"]
[Black "Posadas, Rayelynn"]
[Result "1-0"]
[ECO "D77"]
[WhiteElo "1783"]
[BlackElo "1648"]
[Annotator "NA RC"]
[PlyCount "143"]
[EventDate "2022.06.24"]
[EventType "team-tourn"]
[EventCountry "NET"]
[SourceTitle "playchess.com"]
[Source "ChessBase"]
[SourceQuality "1"]
[WhiteTeam "Turkmenistan"]
[BlackTeam "England"]
[WhiteTeamCountry "TKM"]
[BlackTeamCountry "ENG"]
[TimeControl "180+2"]

1. d4 Nf6 2. Nf3 g6 3. c4 Bg7 4. g3 O-O 5. Bg2 d5 6. O-O c5 7. dxc5 dxc4 8. Qc2 Bg4 9. Qxc4 Nc6 10. Bf4 Nd5 11. Nc3 Nxc3 12. bxc3 Be6 13. Qb5 Na5 14. Rfd1 Qc8 15. Qxa5 h5 16. Qc7 Qxc7 17. Bxc7 Rac8 18. Be5 Rxc5 19. Bd4 Bxd4 20. cxd4 Rc2 21. Rd2 Rfc8 22. e3 b6 23. h4 Bg4 24. Rxc2 Rxc2 25. Ne5 Be6 26. a4 a6 27. a5 b5 28. d5 Bc8 29. Nc6 Kf8 30. Nd4 Rc3 31. Be4 b4 32. Rb1 f5 33. Bf3 Ra3 34. Nc6 b3 35. Bd1 e6 36. Bxb3 Bd7 37. Ne5 Be8 38. dxe6 Rxa5 39. Nd7+ Ke7 40. Nb6 Rb5 41. Nd5+ Kd6 42. Nc3 Rb8 43. Bc4 Rc8 44. Rb4 a5 45. Rb6+ Kc5 46. Ra6 Kxc4 47. Nd5 Kxd5 48. e7 Rc5 49. Rf6 Ke5 50. Rf8 Rc1+ 51. Kg2 Bc6+ 52. f3 Rc2+ 53. Kf1 Bb5+ 54. Ke1 Rc1+ 55. Kd2 Rc7 56. e8=Q+ Bxe8 57. Rxe8+ Kf6 58. Ra8 Rc5 59. Kd3 g5 60. Kd4 Rc6 61. Rxa5 gxh4 62. gxh4 Rb6 63. Kd3 Rb4 64. Ra6+ Ke5 65. f4+ Kd5 66. Rh6 Rb3+ 67. Ke2 Ke4 68. Re6+ Kd5 69. Re5+ Kd6 70. Rxf5 Rb2+ 71. Kf3 Rb1 72. Rxh5 1-0

[Event "Queens Festival Final Team 2022"]
[Site "Tornelo"]
[Date "2022.06.26"]
[Round "11.2"]
[White "Masoumi, Sahar"]
[Black "Mwendwa, Triza"]
[Result "1-0"]
[ECO "D10"]
[WhiteElo "2004"]
[BlackElo "1470"]
[Annotator "NA RC"]
[PlyCount "61"]
[EventDate "2022.06.24"]
[EventType "team-tourn"]
[EventCountry "NET"]
[SourceTitle "playchess.com"]
[Source "ChessBase"]
[SourceQuality "1"]
[WhiteTeam "Iran"]
[BlackTeam "Kenya"]
[WhiteTeamCountry "IRI"]
[BlackTeamCountry "KEN"]
[TimeControl "180+2"]

1. d4 d5 2. c4 c6 3. Nc3 Nf6 4. cxd5 cxd5 5. Bf4 Nc6 6. e3 Bf5 7. Rc1 e6 8. Qb3 Qd7 9. Nf3 Bd6 10. Ne5 Bxe5 11. Bxe5 O-O 12. Bxf6 gxf6 13. g4 Bg6 14. h4 h6 15. Be2 f5 16. g5 h5 17. Qd1 Kh7 18. Bxh5 e5 19. dxe5 Nxe5 20. Nxd5 Kg7 21. Be2 Rad8 22. Nf6 Nd3+ 23. Bxd3 Qxd3 24. Qxd3 Rxd3 25. Ke2 Rfd8 26. Rhd1 f4 27. Rxd3 f3+ 28. Kxf3 Rxd3 29. Ke2 Rd8 30. Rc7 Rh8 31. Rc4 1-0